 Dungeon Crawl Stone Soup version 0.28-a0-268-g3f656e82c2 (webtiles) character file.

Game seed: 17538546202561535330

271 Shayle the Ducker (level 6, -3/46 HPs)
             Began as a Djinni Warper on Aug 28, 2021.
             Was an Initiate of Makhleb.
             Slain by a gnoll (6 damage)
             ... on level 3 of the Dungeon.
             The game lasted 00:13:04 (5805 turns).

Shayle the Ducker (Djinni Warper)                   Turns: 5805, Time: 00:13:04

Health: -3/46      AC:  3    Str: 10    XL:     6   Next: 47%
Gold:   144        EV: 12    Int: 16    God:    Makhleb [......] SH:  0 Dex: 13

rFire   + + .      SeeInvis .     - Unarmed
rCold   x . .      Faith    .   (no shield)
rNeg    . . .      Spirit   .   a - +0 leather armour
rPois   ∞          Reflect  .   (helmet currently unavailable)
rElec   .          Harm     .   (no cloak)
rCorr   .          Rampage  .   (no gloves)
Will    .....                   (boots unavailable)
Stlth   +.........              (no amulet)
HPRegen 0.15/turn               (no ring)
MPRegen 0.00/turn               (no ring)

@: appendages, flying
A: horns 2, flying, sickness immunity, fire resistance 2, cold vulnerability 1,
float, innate caster, hp casting, extra vitality 1
a: End Transformation, Renounce Religion


You were on level 3 of the Dungeon.
You worshipped Makhleb.
Makhleb was noncommittal.
You had temporarily grown beastly horns.
You visited 2 branches of the dungeon, and saw 5 of its levels.

You collected 144 gold pieces.

Inventory:

Hand Weapons
 c - a +2 whip of flaming
Missiles
 b - 15 poisoned darts (quivered)
Armour
 a - a +0 leather armour (worn)
 l - a +0 helmet (melded)
Scrolls
 d - a scroll of enchant weapon
 f - a scroll of enchant armour {unknown}
 j - a scroll of magic mapping {unknown}
 m - a scroll of teleportation {unknown}
 n - a scroll of fear {unknown}
Potions
 g - a potion of lignification
 h - a potion of haste {unknown}
 k - a potion of flight


   Skills:
 + Level 3.2 Fighting
 - Level 0.7 Throwing
 - Level 1.0 Armour
 + Level 3.7 Dodging
 + Level 3.3 Unarmed Combat
 + Level 3.2 Spellcasting
 + Level 1.3 Invocations
 + Level 1.3 Evocations


You couldn't memorise any spells.
You knew the following spells:

 Your Spells              Type           Power      Damage    Failure   Level
a - Blink                 Tloc           N/A        N/A       10%         2
b - Lesser Beckoning      Tloc           6%         N/A       21%         3
c - Gell's Gravitas       Tloc           6%         N/A       21%         3
d - Teleport Other        Tloc           12%        N/A       21%         3
e - Manifold Assault      Tloc           12%        N/A       88%         5
f - Beastly Appendage     Tmut           24%        N/A       7%          1
g - Ensorcelled Hibernat  Hex/Ice        24%        N/A       10%         2
Your spell library was empty.

Dungeon Overview and Level Annotations

Branches:
Dungeon (4/15)             Temple (1/1) D:4

Altars:
Ashenzari
Cheibriados
Dithmenos
Elyvilon
Fedhas
Gozag
Hepliaklqana
Kikubaaqudgha
Makhleb
Nemelex Xobeh
Okawaru
Qazlal
Ru
Sif Muna
Trog
Uskayaw
Vehumet
Wu Jian
Xom
Yredelemnul
Zin

Shops:
D:4 *


Innate Abilities, Weirdness & Mutations

You have temporarily grown beastly horns.
You are flying.
You are immune to sickness and miasma.
You are immune to poison.
Your flesh is very heat resistant. (rF++)
You are vulnerable to cold. (rC-)
You float through the air rather than walking.
You learn spells naturally, not from books.
Your magical power is your life essence.
You have superior vitality. (+4 HP)


Message History

You hit the gnoll but do no damage.
The gnoll is lightly wounded.
The gnoll hits you with a +0 spear.
You closely miss the gnoll.
You headbutt the gnoll, but do no damage.
The gnoll is lightly wounded.
The gnoll misses you.
You barely miss the gnoll.
The gnoll is lightly wounded.
The gnoll closely misses you.
You closely miss the gnoll. Your headbutt misses the gnoll.
The gnoll is lightly wounded.
The gnoll hits you with a +0 spear.
You hit the gnoll but do no damage.
The gnoll is lightly wounded.
The gnoll hits you with a +0 spear.
You closely miss the gnoll.
The gnoll is lightly wounded.
The gnoll barely misses you.
You hit the gnoll but do no damage. You headbutt the gnoll.
The gnoll is moderately wounded.
The gnoll hits you with a +0 spear.
* * * LOW HITPOINT WARNING * * *
You hit the gnoll but do no damage.
The gnoll is moderately wounded.
The gnoll hits you with a +0 spear.
* * * LOW HITPOINT WARNING * * *
You hit the gnoll.
The gnoll is heavily wounded.
The gnoll hits you with a +0 spear.
* * * LOW HITPOINT WARNING * * *
You closely miss the gnoll. Your headbutt misses the gnoll.
The gnoll is heavily wounded.
The gnoll hits you with a +0 spear.
* * * LOW HITPOINT WARNING * * *
Unknown command.
You hit the gnoll.
The gnoll is heavily wounded.
The gnoll hits you with a +0 spear.
You die...

#######...'......# #.# #
#....##...######.# #.# #
+.....'...+..# #.####.###########
#....##...##.# #.............g...
#....##...##.###...(..###########
#....##...............#
.....##...............#
....###..[[...........# ....#
#........#@)....# ....#
####.....#g.....# ....#
#.....#......# ....#
#.....#'##########
.#########................# .#
#....'................# .#
#.####.(..............####### .#
#.# ######...........'...... ##
#.# #...........#######


You could see a gnoll.

Vanquished Creatures
  An ogre (D:4)
  A hound (D:4)
  An orc priest (D:4)
  A gnoll shaman (D:3)
  Robin (D:2)
  A gnoll (D:3)
  3 dart slugs
  2 orcs
  4 ball pythons
  4 endoplasms
  2 giant cockroaches
  14 goblins
  6 hobgoblins
  7 jackals (D:1)
  3 quokkas
  10 bats
  2 frilled lizards
  5 kobolds
  3 rats
71 creatures vanquished.

Notes
Turn   | Place    | Note
-------+----------+-------------------------------------------
     0 | D:1      | Shayle the Djinni Warper began the quest for the Orb.
     0 | D:1      | Reached XP level 1. HP: 18/18 MP: 0/0
    68 | D:1      | Reached XP level 2. HP: 2/23 MP: 0/0
   492 | D:1      | Found a faded altar of an unknown god.
   964 | D:1      | Reached XP level 3. HP: 20/29 MP: 0/0
   964 | D:1      | Learned a level 1 spell: Beastly Appendage
  1934 | D:2      | Found a shimmering altar of Xom.
  2149 | D:2      | Reached XP level 4. HP: 23/34 MP: 0/0
  2685 | D:2      | Noticed Robin
  3580 | D:2      | Killed Robin
  4499 | D:4      | Found a staircase to the Ecumenical Temple.
  4520 | Temple   | Entered the Ecumenical Temple
  4581 | Temple   | Became a worshipper of Makhleb the Destroyer
  4680 | D:4      | Reached XP level 5. HP: 25/40 MP: 0/0
  4680 | D:4      | Learned a level 2 spell: Ensorcelled Hibernation
  4818 | D:4      | Noticed an ogre
  4821 | D:4      | Killed an ogre
  4822 | D:4      | Reached skill level 1 in Invocations
  4822 | D:4      | Reached skill level 1 in Evocations
  4822 | D:4      | Reached XP level 6. HP: 46/46 MP: 0/0
  5048 | D:4      | Found Qoat's General Store.
  5804 | D:3      | HP: 2/46 [gnoll (5)]
  5805 | D:3      | Slain by a gnoll

Illustrated notes

Levels and vault maps discovered:
D:1:      minmay_arrival_semitransparent, layout_basic, basic_ecumenical_altar,
          minmay_misc_feat_doors, minmay_tetromino_i4
D:2:      layout_basic, basic_altar, hangedman_decor_growths, uniq_robin
D:3:      layout_basic
D:4:      layout_gridville, minmay_temple_entry_slanted, serial_shops,
          nicolae_shop_crystal, nicolae_shop_gadgets
Temple:   compressed_dpeg_circular_temple

Skill      XL: |  1  2  3  4  5 |
---------------+----------------+-----
Dodging        | 3 |  3.7
Fighting       | 3 |  3.2
Unarmed Combat | 3 |  3.3
Spellcasting   | 3 |  3.2
Invocations    | 1 |  1.3
Evocations     | 1 |  1.3
Throwing       | |  0.7
Armour         | |  1.0

Action                   |  1- 3 |  4- 6 || total
-------------------------+-------+-------++-------
Melee: Unarmed           |   192 |   151 ||   343
       Punch             |     1 |     1 ||     2
       Headbutt          |       |    10 ||    10
Throw: Boomerang         |     1 |     4 ||     5
       Dart              |       |    12 ||    12
 Cast: Beastly Appendage |       |     9 ||     9
       Blink             |       |     2 ||     2
       Ensorcelled Hiber |       |     1 ||     1
Evoke: Wand              |       |     4 ||     4
  Use: Scroll            |       |     6 ||     6
 Stab: Sleeping          |       |     1 ||     1
Armor: Leather armour    |    97 |    34 ||   131
Dodge: Dodged            |   166 |   104 ||   270

Table legend: (Time is in decaauts)
 A = Elapsed time spent in this place.
 B = Non-inter-level travel time spent in this place.
 C = Inter-level travel time spent in this place.
 D = Time resting spent in this place.
 E = Time spent auto-exploring this place.
 F = Levels seen in this place.
 G = Mean time per level.
                   A        B        C        D        E       F      G
               +--------+--------+--------+--------+--------+-----+--------+
         Total |   5793 |   5580 |    213 |    901 |   3606 |   5 | 1158.6 |
       Dungeon |   5655 |   5480 |    175 |    901 |   3529 |   4 | 1413.8 |
        Temple |    137 |     99 |     38 |      0 |     77 |   1 |  137.0 |
               +--------+--------+--------+--------+--------+-----+--------+

Top non-repeatable levels by time:
     D:1: 1928 daAuts
     D:3: 1903 daAuts
     D:2: 1317 daAuts
     D:4: 506 daAuts
  Temple: 137 daAuts
